Map: Acid Plant LE

Players

Rail

  • Race: Protoss Protoss
  • League: Master
  • Spawn Location: 11:00

liquidthermy (uThermal) - Winner!

  • Race: Terran Terran
  • Spawn Location: 5:00

Event: HomeStory Cup XVIII

VOD

Have the link to the VOD?

Description

Time

  • Played on: Nov. 22, 2018, 9:26 a.m.
  • Length: 9:49

All games in this series

Show
View Real Time Build Order
Export as new Build Order

Rail Protoss 

Build Orders: 1 Gate Expand, Chargelot Immortal, Colossus Rush 

Get SALT Encoding   

  12  0:00  Probe  
  13  0:12  Probe  
  14  0:17  Pylon  
  14  0:24  Probe  
  15  0:32  Probe  
  15  0:36  Gateway  
  15  0:40  Probe  
  16  0:46  Assimilator  
  17  0:51  Probe  
  18  1:03  Probe  
  19  1:18  Nexus  
  19  1:27  Cybernetics Core  
  19  1:31  Probe  
  20  1:38  Assimilator  
  20  1:43  Probe  
  20  1:46  Pylon  
  21  1:55  Adept, Probe  
  22  2:05  Warp Gate  
  22  2:07  Probe  
  25  2:15  Robotics Facility  
  25  2:21  Adept  
  27  2:24  Probe  
  27  2:29  Probe  
  28  2:32  Probe  
  30  2:38  Probe  
  30  2:40  Probe  
  31  2:46  Probe  
  31  2:48  Stalker  
  31  2:50  Probe  
  35  2:56  Probe  
  39  3:05  Probe  
  39  3:09  Probe  
  41  3:15  Immortal  
  41  3:18  Probe  
  44  3:21  Probe  
  44  3:22  Pylon  
  43  3:29  Probe  
  43  3:30  Probe  
  45  3:34  Gateway  
  45  3:37  Gateway, Probe  
  46  3:42  Probe  
  46  3:46  Pylon  
  46  3:48  Probe  
  47  3:54  Observer  
  49  4:02  Nexus  
  49  4:09  Robotics Bay, Sentry, Probe  
  52  4:10  Probe  
  52  4:15  Assimilator  
  53  4:19  Immortal  
  53  4:22  Probe  
  53  4:24  Probe  
  59  4:26  Assimilator  
  59  4:30  Pylon  
  59  4:34  Probe  
  59  4:37  Pylon  
  59  4:38  Probe  
  61  4:45  Pylon  
  61  4:46  Probe  
  61  4:49  Colossus  
  61  4:51  Probe  
  63  4:59  Extended Thermal Lance, Probe  
  70  5:04  Probe  
  71  5:11  Probe  
  71  5:13  Gateway  
  71  5:14  Gateway  
  72  5:16  Probe  
  72  5:19  Stalker  
  71  5:22  Stalker  
  71  5:24  Probe  
  66  5:28  Probe  
  66  5:32  Probe  
  66  5:34  Probe  
  66  5:36  Probe  
  66  5:41  Probe  
  69  5:42  Probe  
  69  5:45  Probe  
  72  5:51  Colossus, Probe  
  72  5:52  Probe  
  72  5:54  Stalker x2  
  78  5:59  Probe  
  78  6:03  Probe  
  85  6:05  Probe  
  85  6:11  Stalker, Probe x2  
  88  6:13  Sentry  
  88  6:17  Probe  
  94  6:19  Pylon  
  94  6:23  Probe  
  94  6:24  Pylon, Probe  
  96  6:29  Probe  
  97  6:33  Twilight Council  
  97  6:35  Stalker  
  97  6:37  Probe  
  97  6:38  Zealot, Observer  
  97  6:39  Stalker  
  104  6:45  Pylon  
  105  6:52  Probe  
  105  6:53  Zealot, Stalker  
  110  7:00  Stalker  
  112  7:04  Forge x2  
  112  7:07  Protoss Ground Weapons Level 1, Immortal  
  116  7:12  Pylon  
  116  7:14  Pylon  
  115  7:18  Charge  
  115  7:22  Pylon  
  115  7:27  Protoss Ground Armor Level 1  
  115  7:31  Nexus  
  115  7:48  Nexus  
  115  7:55  Disruptor  
  118  8:06  Probe x2  
  118  8:09  Pylon  
  120  8:15  Pylon  
  120  8:19  Sentry  
  122  8:20  Zealot  
  122  8:22  Probe  
  125  8:32  Pylon  
  125  8:33  Disruptor  
  128  8:36  Zealot, Stalker  
  128  8:37  Zealot  
  128  8:40  Pylon  
  128  8:56  Zealot x2, Stalker  
  128  8:59  Zealot x2  
  138  9:09  Assimilator, Immortal  
  142  9:11  Assimilator  
  142  9:13  Nexus  
  138  9:22  Pylon, Zealot x5  
  148  9:26  Probe x2  
  150  9:35  Pylon  
  150  9:44  Zealot x2, Stalker  
  150  9:45  Zealot  
Show
View Real Time Build Order
Export as new Build Order

liquidthermy Terran - Winner!

Build Orders: Reaper Expand 

Get SALT Encoding   

  12  0:01  SCV  
  13  0:13  SCV  
  14  0:17  Supply Depot  
  14  0:26  SCV  
  15  0:38  SCV  
  15  0:39  Barracks  
  16  0:44  Refinery  
  16  0:50  SCV  
  17  1:02  SCV  
  18  1:15  SCV  
  19  1:26  Reaper  
  19  1:27  Orbital Command  
  20  1:39  Command Center  
  20  1:48  Supply Depot  
  20  1:52  SCV  
  21  1:58  Marine  
  22  2:04  SCV  
  22  2:06  Factory  
  23  2:11  Refinery  
  23  2:16  Marine, SCV  
  25  2:28  SCV  
  26  2:34  Marine  
  26  2:40  SCV  
  27  2:51  Starport, Factory Tech Lab, Orbital Command  
  27  2:52  Marine  
  27  2:53  SCV  
  29  3:01  Bunker  
  29  3:05  SCV  
  30  3:10  Cyclone, Barracks Reactor  
  33  3:17  SCV  
  34  3:22  SCV  
  35  3:27  Viking  
  35  3:29  SCV  
  35  3:34  SCV  
  39  3:36  Supply Depot  
  40  3:41  SCV  
  40  3:46  SCV  
  41  3:50  Supply Depot  
  41  3:51  Hellion x2  
  41  3:53  SCV  
  46  3:57  Medivac  
  46  3:58  SCV  
  48  4:03  Marine  
  48  4:04  Stimpack  
  48  4:05  SCV  
  50  4:12  Hellion  
  50  4:13  Hellion  
  50  4:16  SCV  
  55  4:17  SCV  
  55  4:21  Marine  
  55  4:24  Barracks  
  57  4:26  Barracks  
  57  4:28  SCV  
  57  4:29  Starport Tech Lab  
  58  4:37  SCV  
  59  4:40  Supply Depot, SCV  
  59  4:41  Marine  
  61  4:48  Factory Tech Lab  
  61  4:49  Engineering Bay, Refinery  
  62  4:52  SCV  
  62  4:57  Starport Reactor  
  62  5:01  Marine  
  62  5:03  Supply Depot, Refinery  
  62  5:04  SCV  
  64  5:08  Siege Tank  
  64  5:10  SCV  
  68  5:16  SCV  
  69  5:22  Marine  
  69  5:25  Marine, Marauder, SCV  
  69  5:26  Marauder  
  76  5:28  SCV  
  76  5:32  Terran Infantry Weapons Level 1  
  76  5:33  Combat Shield  
  74  5:38  Supply Depot  
  74  5:39  Missile Turret  
  74  5:41  Siege Tank  
  77  5:46  Marine  
  77  5:47  Supply Depot  
  76  5:53  Marine x2  
  76  5:54  Marauder  
  78  6:01  Medivac x2  
  82  6:06  Supply Depot, Concussive Shells  
  82  6:07  Marine  
  83  6:11  Marine x2  
  83  6:14  Siege Tank  
  83  6:17  Marine  
  89  6:20  Supply Depot  
  89  6:25  Marine  
  90  6:30  Marine  
  90  6:31  Marauder  
  93  6:35  Marine, Command Center  
  93  6:37  Medivac x2  
  98  6:42  Supply Depot  
  98  6:43  Marine  
  98  6:46  Siege Tank  
  102  6:48  Marine  
  102  6:52  Marine  
  103  6:54  Marauder, Barracks  
  103  6:57  Barracks  
  103  7:00  Marine  
  102  7:10  Medivac x2  
  102  7:11  Supply Depot, Marine, Marauder  
  102  7:12  SCV x2  
  108  7:24  SCV  
  108  7:26  Marine, SCV  
  108  7:27  Marauder  
  108  7:29  Factory  
  111  7:33  Marine  
  111  7:34  Marauder  
  111  7:36  SCV  
  115  7:38  Siege Tank  
  118  7:46  Orbital Command  
  118  7:47  Marine  
  118  7:50  SCV  
  120  7:54  Marine, Marauder  
  120  7:57  Barracks Reactor, Barracks Tech Lab  
  123  8:00  Supply Depot  
  123  8:01  SCV  
  123  8:02  SCV  
  123  8:04  Liberator  
  123  8:05  Marine x2  
  127  8:13  Missile Turret, SCV  
  127  8:15  SCV  
  127  8:16  Marine  
  127  8:18  Sensor Tower  
  130  8:21  Liberator  
  130  8:27  Supply Depot, Marine x2  
  133  8:29  Marine  
  133  8:30  Marine  
  137  8:39  Marine  
  141  8:48  Marine, Marauder  
  143  8:52  SCV  
  143  8:54  Marine  
  143  8:55  Supply Depot, Marauder  
  147  8:58  Marine, Marauder  
  150  9:03  Siege Tank  
  150  9:04  Refinery  
  150  9:09  SCV  
  153  9:13  Factory  
  155  9:17  Marine  
  155  9:18  Marauder  
  155  9:23  SCV  
  159  9:35  Supply Depot  
  165  9:44  Supply Depot  
  165  9:45  Supply Depot  
Tags
 
Add a new tag
Caveats
  • Supply blocks, unpowered buildings, or Contaminate may cause inaccurate times.
  • Supply counts are checked every 10 seconds.